 Dungeon Crawl Stone Soup version 0.22-a0-605-g9281fa2 (webtiles) character file.

181 Amnesiac the Magician (level 5, 0/32 HPs)
             Began as a Deep Elf Transmuter on July 8, 2018.
             Killed from afar by Sigmund (5 damage)
             ... with a magic dart
             ... on level 4 of the Dungeon.
             The game lasted 00:05:54 (3891 turns).

Amnesiac the Magician (Deep Elf Transmuter)         Turns: 3891, Time: 00:05:55

Health: 0/32       AC:  2    Str:  7    XL:     5   Next: 34%
Magic:  9/11       EV: 13    Int: 19    God:
Gold:   159        SH:  0    Dex: 15    Spells: 4/10 levels left

rFire    . . .     SeeInvis .     - Unarmed
rCold    . . .     Gourm    .   (no shield)
rNeg     . . .     Faith    .   b - +0 robe
rPois    .         Spirit   .   (no helmet)
rElec    .         Reflect  .   (no cloak)
rCorr    .         Harm     .   (no gloves)
MR       .....                  (no boots)
Stlth    +.........             (no amulet)
HPRegen  0.10/turn              (no ring)
MPRegen  0.12/turn              (no ring)

@: no status effects
A: no striking features
a: no special abilities


You were on level 4 of the Dungeon.
You were hungry.

You visited 1 branch of the dungeon, and saw 4 of its levels.

You collected 159 gold pieces.

Inventory:

Hand Weapons
 e - a +0 hunting sling
Missiles
 a - 21 arrows
Armour
 b - a +0 robe (worn)
Scrolls
 c - 3 scrolls of remove curse {!r, unknown}
 f - 3 scrolls of identify {!r, unknown}
 g - a scroll of immolation {!r, unknown}
 k - a scroll of teleportation {!r, unknown}
 n - a scroll of amnesia {!r, unknown}
 o - a scroll of enchant armour {!r, unknown}
 p - 2 scrolls of fog {!r, unknown}
 q - a scroll of fear {!r, unknown}
 r - a scroll of magic mapping {!r, unknown}
Potions
 h - 2 potions of curing {!q}
 i - 2 potions of heal wounds {!q, unknown}
 j - 2 potions of brilliance {!q, unknown}
 l - 2 potions of flight {!q, unknown}
Comestibles
 d - 4 rations


   Skills:
 * Level 3.1 Fighting
 + Level 3.1 Dodging
 * Level 3.1 Unarmed Combat
 + Level 3.2 Spellcasting
 + Level 3.1 Transmutations


You had 4 spell levels left.
You knew the following spells:

 Your Spells              Type           Power        Failure   Level  Hunger
a - Beastly Appendage     Tmut           ##....       4%          1    None
b - Sticks to Snakes      Tmut           ##......     6%          2    ##.....
e - Spider Form           Tmut/Pois      #.........   24%         3    ###....

Your spell library contained the following spells:

 Spells                   Type           Power        Failure   Level  Hunger
 Blade Hands              Tmut           ##........   75%         5    ######.
 Ice Form                 Ice/Tmut       #.......     61%         4    ####...


Dungeon Overview and Level Annotations

Branches:
Dungeon (4/15)
 Temple: D:4-7

Altars:
Cheibriados
Elyvilon
Makhleb
Yredelemnul

Annotations:
D:4 Sigmund


Message History

There is an entrance to a sewer on this level.
Hurry and find it before the portal rusts away!
Level annotation: Sigmund You hear the brisk rusting of a distant drain.
There is a stone staircase leading up here.
Autopickup is now on.
Sigmund smiles chillingly.
Sigmund completely misses you. Sigmund says, "I'm your fate."
Sigmund zaps a wand.
Your transformation has ended.
You turn into an insubstantial wisp.
You touch Sigmund but do no damage.
Sigmund completely misses you.
You touch Sigmund.
Sigmund is lightly wounded.
You touch Sigmund.
Sigmund is moderately wounded.
Sigmund barely misses you.
You touch Sigmund.
Sigmund is heavily wounded.
Sigmund gestures wildly while chanting.
Sigmund flickers and vanishes!
Deactivating autopickup; reactivate with Ctrl-A.
You touch something but do no damage.
You hear a zap.
Something tries to affect you, but you resist.
No target in view!
You touch something.
You closely miss something.
You hear a zap.
Something tries to affect you, but you resist.
You barely miss something. Something hits you!
You closely miss something. Something completely misses you.
You touch something but do no damage.
You blink.
You blink.
You hear a zap.
Something tries to affect you, but you resist.
You touch something.
You hear a zap.
Something tries to affect you, but you resist.
You touch something but do no damage.
Something hits you.
You closely miss something.
You hear some strange, mumbled words.
Something tries to affect you, but you resist.
You touch something but do no damage.
You blink.
Your transformation is almost over.
You hear a zap.
Something tries to affect you, but you resist.
Something hits you.
* * * LOW HITPOINT WARNING * * *
Your magical contamination has completely faded away.
You touch something but do no damage.
Something barely misses you.
You touch something but do no damage.
You touch something but do no damage.
Something hits you.
* * * LOW HITPOINT WARNING * * *
You barely miss something.
You touch something but do no damage.
You blink.
Something misses you.
Your transformation has ended.
Something hits you!
* * * LOW HITPOINT WARNING * * *
You hear some strange, mumbled words.
Something tries to affect you, but you resist.
A magic dart appears from out of thin air!
The magic dart hits you!
You die...

### ... ###..
#.#.#### #
#.#.#.^# .#
#..<@..# #.#
#...##.#######..#
#..<....{.......#
#[####.##########
#.#....# ##>## #
#.#### 8...8#
#.####### .....#
#.......#8.....8#
#####...##.....##


There were no monsters in sight!

Vanquished Creatures
  An iguana (D:4)
  3 gnolls (D:3)
  4 adders
  2 worms
  A dart slug (D:1)
  A leopard gecko (D:2)
  2 orcs (D:3)
  4 giant cockroaches
  12 goblins
  8 hobgoblins
  4 jackals (D:2)
  10 kobolds
  10 bats
  2 frilled lizards
  6 rats (D:2)
70 creatures vanquished.

Vanquished Creatures (collateral kills)
  2 adders
2 creatures vanquished.

Grand Total: 72 creatures vanquished

Notes
Turn   | Place    | Note
-------+----------+-------------------------------------------
     0 | D:1      | Amnesiac the Deep Elf Transmuter began the quest for the Orb.
     0 | D:1      | Reached XP level 1. HP: 11/11 MP: 6/6
    43 | D:1      | Reached skill level 1 in Fighting
   514 | D:2      | Reached XP level 2. HP: 9/16 MP: 6/8
   588 | D:2      | Learned a level 2 spell: Sticks to Snakes
  1137 | D:2      | Reached XP level 3. HP: 20/20 MP: 7/9
  1142 | D:2      | Learned a level 3 spell: Spider Form
  1793 | D:2      | Found a basalt altar of Yredelemnul.
  1999 | D:1      | Reached XP level 4. HP: 26/26 MP: 8/10
  2902 | D:3      | Reached XP level 5. HP: 32/32 MP: 7/11
  2937 | D:3      | Found a burning altar of Makhleb.
  3021 | D:3      | Found a snail-covered altar of Cheibriados.
  3250 | D:3      | Found a white marble altar of Elyvilon.
  3518 | D:4      | Noticed Sigmund
  3891 | D:4      | Killed from afar by Sigmund

Vault maps used:
D:1:      dpeg_arrival_pits
D:2:      lemuel_round_altar, st_stairs_5
D:3:      nicolae_overflow_crystal_walls, lemuel_round_altar,
          lemuel_doored_altar
D:4:      nicolae_overflow_hidden_temple, lemuel_coloured_pillars_altar,
          first_ration, gup_sewer_entry_glass, uniq_sigmund

Skill      XL: |  1  2  3  4 |
---------------+-------------+-----
Fighting       | 1 3 |  3.1
Transmutations | 3 |  3.1
Unarmed Combat | 3 |  3.1
Dodging        | 3 |  3.1
Spellcasting   | |  3.2

Action                   |  1- 3 |  4- 6 || total
-------------------------+-------+-------++-------
Melee: Unarmed           |   141 |   146 ||   287
       Kick              |    14 |     6 ||    20
       Headbutt          |    10 |     5 ||    15
       Punch             |       |     1 ||     1
 Cast: Beastly Appendage |    26 |    15 ||    41
       Sticks to Snakes  |     4 |     5 ||     9
       Spider Form       |       |     5 ||     5
  Use: Potion            |     1 |       ||     1
 Stab: Sleeping          |     1 |     1 ||     2
  Eat: Chunk             |     4 |     6 ||    10
Armor: Robe              |    21 |    22 ||    43
       Skin              |       |     1 ||     1
Dodge: Dodged            |    98 |   115 ||   213

Table legend:
 A = Spawn XP
 B = Non-spawn XP
 C = Spawn XP percentage of total XP
 D = Spawn monster count
 E = Non-spawn monster count
 F = Spawn count percentage of total count
 G = Total turns spent on level
                    A         B        C        D         E        F      G
               +---------+---------+-------+---------+---------+-------+---------
         Total |       0 |     259 |   0.0 |       0 |      72 |   0.0 |  3891
               +---------+---------+-------+---------+---------+-------+---------
           D:1 |       0 |      35 |   0.0 |       0 |      20 |   0.0 |   737
           D:2 |       0 |      88 |   0.0 |       0 |      30 |   0.0 |  1724
           D:3 |       0 |     100 |   0.0 |       0 |      21 |   0.0 |  1273
           D:4 |       0 |      36 |   0.0 |       0 |       1 |   0.0 |   157
               +---------+---------+-------+---------+---------+-------+---------
